groovejumper, neutral female human Wizard ------------- ------ |........).%| --------------- |.....#####|......%%%)%%#######-...|.........| |....| #|...........| |.............| |..%..#####-.----------- #).............| --.--- #### ##|..<..........+ # #------------|-- ################ # ## # ---------.- # : --------------- |.........| # @ |.............| |.........| ----.--a |...{.........| |.........| |.....-# #%%%%%....%.....| ----------- #########(*#....|.| % |.............| |.....-*#**######### |.............| ------- --------------- groovejumper the Thaumaturge Experience level: 9 Strength: 11 Dexterity: 15 Constitution: 14 Intelligence: 18 Wisdom: 11 Charisma: 8 Health: 0(64) Energy: 10(85) AC: 6 Gold: 91 Moves: 4622 Your Inventory: Coins $ - 91 gold pieces Weapons a - a blessed +3 quarterstaff (weapon in hands) n - 12 uncursed [+0] darts (in quiver) o - 4 [cursed -1] darts Armor H - an [uncursed] +0 pair of jumping boots (being worn) P - an uncursed +2 cloak of magic resistance (being worn) Scrolls U - a [blessed] scroll labeled HAPAX LEGOMENON [of magic mapping] Potions V - an [uncursed] golden potion [of paralysis] Rings e - an uncursed ring of regeneration t - an uncursed ring of slow digestion (on right hand) v - a cursed ring of teleportation (on left hand) F - an uncursed ring of teleport control K - an uncursed ring of slow digestion Wands E - an [uncursed] wand of magic missile (0:0) L - an [uncursed] wand of magic missile (0:0) T - an [uncursed] wand of magic missile [0:1] Tools b - an [uncursed] bag named holding [of holding] W - a [cursed] bag named misc wands [sack] X - a [blessed oil] lamp Contents of the bag of holding named holding: 1319 gold pieces an uncursed amulet of ESP a [cursed] elliptic amulet [of change] an [uncursed] oval amulet [versus poison] an [uncursed] oval amulet [versus poison] an [uncursed] lizard corpse a [blessed] scroll labeled FNORD [of light] an [uncursed] scroll labeled ZLORFIK [of teleportation] 4 uncursed scrolls of confuse monster an [uncursed] scroll of create monster 2 uncursed scrolls of gold detection an [uncursed] unlabeled scroll [of blank paper] an [uncursed] spellbook of blank paper a blessed spellbook of force bolt an [uncursed] spellbook of identify a [cursed] velvet spellbook [of magic missile] 2 uncursed clear potions [of water] an [uncursed] dark green potion [of full healing] an uncursed potion of gain ability a blessed potion of healing a [cursed] potion of healing a cursed black onyx ring [of aggravate monster] a cursed black onyx ring [of aggravate monster] a [cursed] bronze ring [of shock resistance] an uncursed chrysoberyl ring [of see invisible] a cursed chrysoberyl ring [of see invisible] an uncursed [+4] copper ring [of increase accuracy] an uncursed gold ring [of cold resistance] an uncursed ring of fire resistance an uncursed +3 ring of gain intelligence a blessed +1 ring of gain strength an uncursed ring of stealth an uncursed ring of sustain ability an uncursed ring of sustain ability an uncursed ruby ring [of warning] a [cursed] shiny ring [of polymorph] a cursed [-1] topaz ring [of gain dexterity] a cursed [-3] topaz ring [of gain dexterity] an uncursed twisted ring [of searching] an uncursed wand of make invisible (0:5) an uncursed wand of undead turning (0:4) an [uncursed tallow] candle Contents of the sack named misc wands: a [cursed] balsa wand [of fire (0:5)] an [uncursed] black wand [of secret door detection (0:13)] an [uncursed] ceramic wand [of lightning (0:5)] an [uncursed] steel wand [of sleep (0:7)] Spells known in the end: Name Level Category Fail Memory a - force bolt 1 attack 0% [|||||||.] b - create monster 2 clerical 0% [|||||||.] c - invisibility 4 escape 96% [|||||||.] d - identify 3 divination 70% [||||||||] Your skills at the end: Fighting Skills Weapon Skills quarterstaff [Basic / Expert] Spellcasting Skills attack spells [Skilled / Expert] enchantment spells [Basic / Skilled] Final Attributes: You were piously aligned. Hunger level was 393. Your alignment was 32 / 33. Monster difficulty range was 1 - 8. Level difficulty was 7. You resisted poison. You were magic-protected. You could jump. You could teleport. You had slower digestion. Your luck was zero. You are dead. Vanquished creatures: a ghost a small mimic a tengu an ettin zombie 3 wolves an iron piercer a gnome king a lizard 2 dwarf lords 2 human zombies 2 soldier ants a snow ant 8 bugbears a rock piercer a rock mole a fog cloud 2 yellow lights a violet fungus 4 gnome lords 2 gnomish wizards a kitten 2 dwarves 2 homunculi 2 kobold lords a hill orc 8 rothes a giant bat 3 orc zombies 4 dwarf zombies an iguana 4 killer bees a coyote 2 hobbits 3 manes 11 hobgoblins 4 giant rats 2 yellow molds 7 gnomes 11 Keystone Kops a garter snake 3 geckos 2 jackals a kobold 2 goblins 2 sewer rats 6 grid bugs a lichen 6 newts 131 creatures vanquished. Voluntary challenges: You used a wielded weapon 99 times. You read items or engraved 17 times. You put on armor 4 times. You never genocided any monsters. You never polymorphed an object. You never changed form. You used no wishes. You wrote Elbereth's name 4 times. You encountered 1 bones level. You never used any Sokoban shortcuts. Dungeon overview: The Dungeons of Doom: levels 1 to 8 Level 1 a fountain a long staircase Level 2 a jewelry store, an altar, a fountain, a sink stairs to The Gnomish Mines Level 3 an altar, a sink Level 4 some fountains Level 5 (chest in a pit) a fountain Level 6 a general store, a fountain Level 7 <- You were here a fountain The Gnomish Mines: Level 3 stairs to The Dungeons of Doom History has recorded: On T:1 you entered the Dungeons of Doom to retrieve the Amulet of Yendor! On T:514 you reached level 2 of The Dungeons of Doom. On T:561 you advanced to experience level 2. On T:618 you reached level 1 of The Gnomish Mines. On T:620 you advanced to experience level 3. On T:867 you advanced to experience level 4. On T:1102 you advanced to experience level 5. On T:1336 you reached level 3 of The Dungeons of Doom. On T:1737 you reached level 4 of The Dungeons of Doom. On T:2065 you advanced to experience level 6. On T:2096 you reached level 5 of The Dungeons of Doom. On T:2158 you advanced to experience level 7. On T:2667 you reached level 6 of The Dungeons of Doom. On T:4122 you advanced to experience level 8. On T:4129 you reached level 7 of The Dungeons of Doom. On T:4430 you reached level 8 of The Dungeons of Doom. On T:4567 you advanced to experience level 9. Latest messages: The magic missile hits you! The missiles bounce off! The crocodile bites! The crocodile hits! [HP-11=39] The magic missile hits the crocodile! The magic missile hits the crocodile! (2x) The magic missile hits you! The missiles bounce off! The crocodile bites! The crocodile hits! [HP-14=25] You lack the energy to teleport. The snow ant bites! (2x) The crocodile bites! The crocodile hits! The snow ant bites! You die... Final status: Goodbye groovejumper the Wizard... You died in The Dungeons of Doom on dungeon level 7 with 8743 points, and 1410 pieces of gold, after 4622 moves. You were level 9 with a maximum of 64 hit points when you died.